 Dungeon Crawl Stone Soup version 0.30-a0-634-g8abc85282e (webtiles) character file.

Game seed: 3286560087965115131

97 kingofthe the Magician (level 4, -3/24 HPs)
             Began as a Deep Elf Hedge Wizard on Jan 14, 2023.
             Slain by a river rat (7 damage)
             ... in a sewer.
             The game lasted 00:11:42 (3538 turns).

kingofthe the Magician (Deep Elf Hedge Wizard)      Turns: 3538, Time: 00:11:43

Health: -3/24      AC:  2    Str:  7    XL:     4   Next: 42%
Magic:  4/14       EV: 13    Int: 19    God:
Gold:   138        SH:  0    Dex: 16    Spells: 4/15 levels left

rFire   . . .      SeeInvis .    v - staff of death
rCold   . . .      Faith    .    (no shield)
rNeg    + . .      Spirit   .    b - +0 robe
rPois   .          Reflect  .    c - +0 hat
rElec   .          Harm     .    (no cloak)
rCorr   .          Rampage  .    (no gloves)
Will    .....                    (no boots)
Stlth   ++                       (no amulet)
HPRegen 0.24/turn                (no ring)
MPRegen 0.14/turn                (no ring)

@: no status effects
A: no striking features
a: no special abilities


You were in a sewer.
You visited 1 branch of the dungeon, and saw 3 of its levels.
You also visited: Sewer.

You collected 138 gold pieces.

Inventory:

Hand Weapons
 a - a +0 dagger
 t - a +0 sling
Armour
 b - a +0 robe (worn)
 c - a +0 hat (worn)
Magical Staves
 u - a staff of earth
 v - a staff of death (weapon)
Wands
 q - a wand of digging (6)
Scrolls
 e - 3 scrolls of identify
 f - a scroll of blinking {unknown}
 h - a scroll of fog {unknown}
 j - a scroll of summoning {unknown}
 l - a scroll of amnesia {unknown}
 n - 3 scrolls of noise
 o - a scroll of teleportation {unknown}
 p - a scroll of silence {unknown}
 s - a scroll of acquirement {unknown}
Potions
 d - 2 potions of magic
 g - a potion of mutation {unknown}
 i - 2 potions of curing {unknown}
 k - 2 potions of heal wounds
 m - a potion of flight {unknown}
 r - a potion of invisibility {unknown}
 w - a potion of attraction {unknown}


   Skills:
 + Level 3.0 Dodging
 + Level 3.2 Stealth
 + Level 6.1 Spellcasting
 * Level 2.2 Conjurations
 - Level 1.1 Summonings
 + Level 1.1 Translocations


You had 4 spell levels left.
You knew the following spells:

 Your Spells              Type           Power      Damage    Failure   Level
a - Magic Dart            Conj           56%        1d5       4%          1
b - Blink                 Tloc           20%        N/A       11%         2
c - Call Imp              Summ           10%        N/A       11%         2
d - Mephitic Cloud        Conj/Pois/Air  8%         N/A       24%         3
e - Confusing Touch       Hex            5%         N/A       32%         3

Your spell library contained the following spells:

 Spells                   Type           Power      Damage    Failure   Level
 Slow                     Hex            20%        N/A       11%         1
 Cigotuvi's Dreadful Rot  Necr/Pois/Air  16%        N/A       17%         2
 Vampiric Draining        Necr           8%         2d6       32%         3


Dungeon Overview and Level Annotations

Branches:
Dungeon (3/15)              Sewer (1/1)

Altars:
Elyvilon


Message History

Confirm with . or Enter, or press ? or * to list all spells.
Aiming: Magic Dart (safe; 4% risk of failure)
Press: ? - help, Shift-Dir - straight line, f/p - river rat
Aim: a river rat (lightly wounded, 100% to hit)
The magic dart hits the river rat.
The river rat is heavily wounded.
The river rat bites you.
Casting: Magic Dart (safe; 4% risk of failure)
Confirm with . or Enter, or press ? or * to list all spells.
Aiming: Magic Dart (safe; 4% risk of failure)
Press: ? - help, Shift-Dir - straight line, f/p - river rat
Aim: a river rat (heavily wounded, 100% to hit)
The magic dart hits the river rat but does no damage.
The river rat is heavily wounded.
The river rat bites you.
Casting: Magic Dart (safe; 4% risk of failure)
Confirm with . or Enter, or press ? or * to list all spells.
Aiming: Magic Dart (safe; 4% risk of failure)
Press: ? - help, Shift-Dir - straight line, f/p - river rat
Aim: a river rat (heavily wounded, 100% to hit)
The magic dart hits the river rat but does no damage.
The river rat is heavily wounded.
The river rat bites you!
* * * LOW HITPOINT WARNING * * *
Casting: Magic Dart (safe; 4% risk of failure)
Confirm with . or Enter, or press ? or * to list all spells.
Aiming: Magic Dart (safe; 4% risk of failure)
Press: ? - help, Shift-Dir - straight line, f/p - river rat
Aim: a river rat (heavily wounded, 100% to hit)
The magic dart hits the river rat but does no damage.
The river rat is heavily wounded.
The river rat misses you. The rat barely misses you.
You hit the rat but do no damage. The river rat bites you.
* * * LOW HITPOINT WARNING * * *
The rat misses you.
Your magical contamination has completely faded away.
You hit the rat but do no damage. The river rat barely misses you.
The rat misses you.
You barely miss the rat. The river rat bites you!
You die... ############### ......r@r.†...~ ###############

You could see a river rat and a rat.

Vanquished Creatures
  3 adders (D:2)
  2 worms
  2 dart slugs (D:1)
  An orc (D:3)
  5 endoplasms
  4 giant cockroaches
  5 goblins
  3 hobgoblins (D:2)
  2 kobolds
  10 quokkas
  2 ball pythons (D:1)
  6 bats
  3 frilled lizards
  6 rats
54 creatures vanquished.

Vanquished Creatures (others)
  56 plants (D:2)
56 creatures vanquished.

Grand Total: 110 creatures vanquished

Notes
Turn   | Place    | Note
-------+----------+-------------------------------------------
     0 | D:1      | kingofthe the Deep Elf Hedge Wizard began the quest for the
                  | Orb.
     0 | D:1      | Reached XP level 1. HP: 10/10 MP: 7/7
   295 | D:1      | Reached XP level 2. HP: 15/15 MP: 6/9
   710 | D:1      | Reached skill level 5 in Spellcasting
  1013 | D:1      | Learned a level 2 spell: Blink
  1016 | D:1      | Learned a level 2 spell: Call Imp
  1439 | D:2      | Reached XP level 3. HP: 19/19 MP: 8/11
  1555 | D:2      | Learned a level 3 spell: Mephitic Cloud
  1666 | D:2      | Found a white marble altar of Elyvilon.
  2509 | D:2      | Reached XP level 4. HP: 21/24 MP: 6/13
  2515 | D:2      | Reached skill level 6 in Spellcasting
  2927 | D:2      | Learned a level 3 spell: Confusing Touch
  3513 | D:3      | Found a glowing drain.
  3526 | Sewer    | Entered a sewer
  3538 | Sewer    | Slain by a river rat

Illustrated notes

Levels and vault maps discovered:
D:1:      amcnicky_arrival_blooded_trapdoor, layout_loops_corners
D:2:      wad_woods_stonehenge, layout_basic
D:3:      layout_basic, mainiacjoe_overflow_catwalk,
          cheibrodos_sewer_entry_drain
Sewer:    sewer_kobolds

Skill      XL: |  1  2  3  4 |
---------------+-------------+-----
Stealth        | 3 |  3.2
Spellcasting   | 5 6 |  6.1
Conjurations   | 2 |  2.2
Dodging        | 3 |  3.0
Summonings     | |  1.1
Translocations | |  1.1

Action                   |  1- 3 |  4- 6 || total
-------------------------+-------+-------++-------
Melee: Dagger            |     1 |       ||     1
       Staff             |       |     3 ||     3
 Cast: Magic Dart        |   144 |    46 ||   190
  Use: Scroll            |       |     1 ||     1
Armor: Robe              |     4 |     1 ||     5
Dodge: Dodged            |    14 |    16 ||    30

Table legend: (Time is in decaauts)
 A = Elapsed time spent in this place.
 B = Non-inter-level travel time spent in this place.
 C = Inter-level travel time spent in this place.
 D = Time resting spent in this place.
 E = Time spent auto-exploring this place.
 F = Levels seen in this place.
 G = Mean time per level.
                   A        B        C        D        E       F      G
               +--------+--------+--------+--------+--------+-----+--------+
         Total |   3540 |   3313 |    227 |    442 |   2273 |   4 |  885.0 |
       Dungeon |   3528 |   3301 |    227 |    442 |   2273 |   3 | 1176.0 |
         Sewer |     12 |     12 |      0 |      0 |      0 |   1 |   12.0 |
               +--------+--------+--------+--------+--------+-----+--------+

Top non-repeatable levels by time:
     D:1: 1737 daAuts
     D:2: 1522 daAuts
     D:3: 268 daAuts
   Sewer: 12 daAuts
